 Dungeon Crawl Stone Soup version 0.20.0-8-g6b59dc7 (webtiles) character file.

103 HungrySpirit the Vandal (level 4, -11/34 HPs)
             Began as a Barachi Hunter on June 3, 2017.
             Killed from afar by heinrich's ghost (13 damage)
             ... with a spray of energy
             ... on level 3 of the Dungeon.
             The game lasted 00:04:43 (2055 turns).

HungrySpirit the Vandal (Barachi Hunter)            Turns: 2055, Time: 00:04:44

Health: -11/34     AC:  8    Str: 13    XL:     4   Next: 79%
Magic:  4/4        EV: 13    Int: 17    God:
Gold:   121        SH:  0    Dex: 13    Spells: 3/3 levels left

rFire    + . .     SeeInvis .     - Unarmed
rCold    + . .     Gourm    .   (no shield)
rNeg     . . .     Faith    .   c - +0 leather armour
rPois    +         Spirit   .   (no helmet)
rElec    +         Reflect  .   q - +0 cloak
rCorr    +         Harm     .   (no gloves)
MR       .....                  (no boots)
Stlth    +.........             (no amulet)
Regen    0.2/turn               k - +4 ring of protection
MPRegen  0.1/turn               (no ring)

@: confused, brilliant, resistant, slow
A: +LOS, swims, slowness 1, strong legs 1
a: Hop


You were on level 3 of the Dungeon.
You were not hungry.

You visited 1 branch of the dungeon, and saw 3 of its levels.

You collected 121 gold pieces.

Inventory:

Hand Weapons
 a - a +1 hunting sling
 b - a +0 short sword
 h - a +0 short sword
Missiles
 g - 113 stones (quivered)
Armour
 c - a +0 leather armour (worn)
 q - a +0 cloak (worn)
Jewellery
 k - a +4 ring of protection (left hand)
 u - an uncursed ring of positive energy {unknown}
Scrolls
 e - a scroll of remove curse {unknown}
 j - 2 scrolls of identify {unknown}
 o - a scroll of teleportation {unknown}
 r - 3 scrolls of amnesia {unknown}
Comestibles
 d - a chunk of flesh
 f - a bread ration
 l - 3 meat rations
 p - 3 fruits


   Skills:
 - Level 2.4 Fighting
 + Level 4.4 Slings
 + Level 3.4 Dodging
 - Level 0.8 Stealth
 * Level 3.2 Unarmed Combat


You had 3 spell levels left.
You didn't know any spells.

Dungeon Overview and Level Annotations

Branches:
Dungeon (3/15)

Altars:
Dithmenos
Okawaru
Uskayaw
Xom
Yredelemnul

Annotations:
D:2 exclusion: door
D:3 1 runed door, heinrich's ghost, amateur DrCj


Innate Abilities, Weirdness & Mutations

Shadows flee at your approach. (+LOS)
You can swim through water.
You cover ground slowly.
You can hop short distances.


Message History

Ouch! That really hurt!
* * * LOW HITPOINT WARNING * * *
The orb of energy explodes!
You feel better. Heinrich's ghost hits you.
* * * LOW HITPOINT WARNING * * *
You feel better. Heinrich's ghost hits you.
An orc comes into view. It is wielding a club.
You barely miss heinrich's ghost.
Heinrich's ghost is lightly damaged.
Heinrich's ghost hits you but does no damage.
You hit heinrich's ghost but do no damage.
Heinrich's ghost is lightly damaged.
Heinrich's ghost gestures at you while chanting.
The spray of energy hits you!
* * * LOW HITPOINT WARNING * * *
You are confused.
You bump into the rock wall.
Heinrich's ghost gestures at you while chanting.
The spray of energy hits you!
You die...

..# #.# #o###
#...## ###(.##
##..# ##.### #.W.#
###@# ##### #.#
##...## #.#
##.....## #.#
#.......# #รท#
##.#._.#.## # #..#
#.# #..##.##..##..
#..#
#.###...###......#
#..#
#..###........## #
#..#
###.####.....#...#


You could see heinrich's ghost and an orc.

Vanquished Creatures
  A gnoll (D:1)
  3 adders
  2 dart slugs (D:1)
  2 leopard geckos
  3 orcs (D:3)
  3 giant cockroaches
  12 goblins
  3 hobgoblins
  2 jackals (D:1)
  8 bats
  4 frilled lizards
  7 kobolds
  6 rats
56 creatures vanquished.

Notes
Turn   | Place    | Note
-------+----------+-------------------------------------------
     0 | D:1      | HungrySpirit the Barachi Hunter began the quest for the Orb.
     0 | D:1      | Reached XP level 1. HP: 17/17 MP: 1/1
    74 | D:1      | Reached XP level 2. HP: 19/23 MP: 2/2
   182 | D:1      | Reached skill level 1 in Unarmed Combat
   323 | D:1      | Reached XP level 3. HP: 24/28 MP: 3/3
   865 | D:2      | Found a hide-covered altar of Uskayaw.
  1003 | D:2      | Reached XP level 4. HP: 29/34 MP: 4/4
  1023 | D:2      | Found a basalt altar of Yredelemnul.
  1121 | D:2      | Found a shimmering altar of Xom.
  1158 | D:2      | Found an iron altar of Okawaru.
  1642 | D:3      | Found a runed door.
  1868 | D:3      | Found a shadowy altar of Dithmenos.
  2029 | D:3      | Noticed heinrich's ghost (amateur DrCj)
  2041 | D:3      | HP: 1/34 [heinrich's ghost/orb of energy (13)]
  2055 | D:3      | Killed from afar by heinrich's ghost

Skill      XL: |  1  2  3  4 |
---------------+-------------+-----
Unarmed Combat | 2 3 |  3.2
Dodging        | 3 |  3.4
Fighting       | |  2.4
Slings         | |  4.4
Stealth        | |  0.8

Action                   |  1- 3 |  4- 6 || total
-------------------------+-------+-------++-------
Melee: Unarmed           |       |     6 ||     6
 Fire: Hunting sling     |    85 |    76 ||   161
  Use: Potion            |       |     6 ||     6
  Eat: Chunk             |     1 |     3 ||     4
Armor: Leather armour    |    10 |     8 ||    18
Dodge: Dodged            |    32 |    28 ||    60
